AoeStats
← RHT.patriotaSJ

Arabia

508132983Analyzed
3v3 RM · 12d ago on Sep 21, 2026· 44m 24s· 6 players
Game mode
Random Map
Map size
Normal (6 player)
Population
200
Speed
Normal
Resources
Standard
Victory
Conquest
Starting age
Dark Age
Ending age
Imperial Age
RankedLock teamsTeams togetherTeam positionsShared explorationLock speedFull tech treeHidden civsTurbo modeCheats
Victory
Defeat
🇦🇷 Italians · Argentina
1131
+12
🇦🇷 Burgundians · Argentina
1011
+17
🇦🇷 Vietnamese · Argentina
1006
+19
🇺🇸 Saracens · United States
1072
-17
🇲🇽 Khitans · Mexico
1064
-17
🇩🇪 Tatars · Germany
999
-14
RHT.patriotaSJ
13:57 Feudal Age
17:45 Double-Bit Axe
23:43 Castle Age
22:15 Gold Mining
23:09 Town Watch
23:10 Loom
23:48 Elite Skirmisher
25:49 Thumb Ring
26:48 Fletching
27:55 Bodkin Arrow
28:01 Padded Archer Armor
28:09 Padded Archer Armor
28:36 Bow Saw
35:54 Imperial Age
33:55 Forging
35:06 Caravan
36:00 Leather Archer Armor
37:50 Chemistry
38:27 Two-Man Saw
37:16 Horse Collar
39:07 Wheelbarrow
38:27 Imperial Skirmisher
42:44 Hand Cart
45:02 Town Patrol
RHT.H1r4m ∴
8:47 Loom
12:09 Feudal Age
11:04 Double-Bit Axe
11:03 Horse Collar
21:29 Castle Age
22:12 Husbandry
22:59 Wheelbarrow
23:46 Forging
23:42 Scale Barding Armor
24:25 Gold Mining
27:03 Elite Skirmisher
29:15 Fletching
29:26 Padded Archer Armor
32:00 Ballistics
33:26 Bodkin Arrow
33:46 Leather Archer Armor
34:07 Iron Casting
34:45 Stone Mining
35:31 Gold Shaft Mining
35:57 Cavalier
41:21 Fortified Wall
41:07 Murder Holes
43:46 Imperial Age
41:33 Hand Cart
43:54 Burgundian Vineyards
45:32 Chemistry
RHT.Not_Zorrito
7:04 Loom
10:17 Feudal Age
12:57 Double-Bit Axe
13:20 Fletching
13:20 Horse Collar
23:06 Castle Age
23:10 Padded Archer Armor
23:24 Crossbowman
24:01 Bodkin Arrow
24:21 Thumb Ring
25:25 Wheelbarrow
27:32 Ballistics
29:15 Hand Cart
29:55 Leather Archer Armor
38:47 Imperial Age
36:45 Town Watch
38:52 Arbalester
39:34 Bracer
41:52 Chemistry
42:51 Ring Archer Armor
42:47 Bow Saw
42:38 Heavy Plow
43:53 Town Patrol
Sri harsha
4:14 Loom
11:37 Feudal Age
18:16 Castle Age
17:49 Stone Mining
20:12 Scale Barding Armor
21:14 Double-Bit Axe
23:20 Horse Collar
24:20 Heavy Plow
24:32 Bow Saw
27:39 Chain Barding Armor
28:26 Forging
30:11 Padded Archer Armor
35:07 Imperial Age
33:45 Thumb Ring
33:01 Elite Skirmisher
37:24 Iron Casting
36:41 Fletching
37:07 Leather Archer Armor
38:25 Ballistics
39:06 Chemistry
38:33 Bodkin Arrow
38:57 Leather Archer Armor
40:58 Elite Mameluke
[ Wildpigs ] PaPi
11:00 Feudal Age
13:24 Double-Bit Axe
22:20 Wheelbarrow
22:50 Fletching
35:22 Castle Age
36:13 Stone Mining
mxn
7:32 Loom
12:35 Feudal Age
16:46 Castle Age
14:59 Double-Bit Axe
16:13 Horse Collar
19:21 Fletching
22:13 Bodkin Arrow
22:34 Padded Archer Armor
23:23 Gold Mining
26:14 Bow Saw
29:45 Wheelbarrow
29:45 Ballistics
30:29 Town Watch
33:45 Hand Cart
37:05 Imperial Age
35:27 Leather Archer Armor
37:10 Stone Mining
39:05 Bracer
40:18 Chemistry
43:32 Heavy Scorpion
Connection lost

Rejoining the realm…

Still unreachable

The connection could not be restored.

Session expired

The server has moved on; the page needs a fresh start.